 Dungeon Crawl Stone Soup version 0.23.2-33-g5129a83184 (webtiles) character file.

Game seed: 6397738639595660794

571 StoneBoyers the Shield-Bearer (level 7, -4/60 HPs)
             Began as a Grey Draconian Fighter on July 7, 2019.
             Slain by an ogre
             ... wielding a +0 giant club
              (28 damage)
             ... on level 4 of the Dungeon.
             The game lasted 00:33:04 (3303 turns).

StoneBoyers the Shield-Bearer (DrFi)                Turns: 3303, Time: 00:33:05

Health: -4/60      AC: 14    Str: 19    XL:     7   Next: 12%
Magic:  7/7        EV: 11    Int:  9    God:
Gold:   277        SH:  9    Dex: 11    Spells: 6/6 levels left

rFire    . . .     SeeInvis .   l - +1 spear
rCold    . . .     Gourm    .   b - +0 shield
rNeg     . . .     Faith    .   (armour unavailable)
rPois    .         Spirit   .   (helmet restricted)
rElec    .         Reflect  .   (no cloak)
rCorr    .         Harm     .   t - +0 pair of gloves
MR       .....                  v - +1 pair of boots
Stlth    ++........             (no amulet)
HPRegen  0.20/turn              (no ring)
MPRegen  0.10/turn              (no ring)

@: slowed, very slow
A: walk through water, unfitting armour, unbreathing, cold-blooded, AC +11
a: no special abilities


You were on level 4 of the Dungeon.
You were not hungry.

You visited 1 branch of the dungeon, and saw 4 of its levels.

You collected 277 gold pieces.

Inventory:

Hand Weapons
 a - a +0 trident
 e - a +0 short sword
 l - a +1 spear (weapon)
 x - a +0 short sword
 A - a +0 hunting sling
 D - a +0 dagger
 E - a +0 dagger
 I - a +0 short sword
 M - a +4 club
 P - a +0 war axe
 V - a +0 flail
Missiles
 m - 18 sling bullets
 p - 139 stones
 s - 82 bolts
 w - 52 arrows
 C - 3 silver javelins (quivered)
Armour
 b - a +0 shield (worn)
 i - a +0 leather armour
 k - a +0 helmet
 t - a +0 pair of gloves (worn)
 u - a +0 ring mail
 v - a +1 pair of boots (worn)
 z - a +0 helmet
 F - a +1 pair of boots
 G - a +0 pair of gloves
 J - a +0 helmet
 N - a +0 animal skin
 T - a +0 plate armour
 X - a +0 robe
Jewellery
 o - a -2 ring of dexterity
 H - an uncursed ring of teleportation
Wands
 K - a wand of random effects (12)
 Q - a wand of flame (19)
Scrolls
 r - 3 scrolls of remove curse
 y - a scroll of teleportation
 O - 2 scrolls of magic mapping
 S - 2 scrolls of identify
 U - a scroll of amnesia {unknown}
Potions
 c - a potion of might
 f - 2 potions of heal wounds {unknown}
 g - a potion of curing
 h - 2 potions of agility {unknown}
 n - a potion of haste {unknown}
 q - a potion of mutation {unknown}
 B - a potion of magic {unknown}
 L - a potion of ambrosia {unknown}
 R - a potion of flight {unknown}
 W - a potion of degeneration {unknown}
Comestibles
 d - 8 rations
 j - 5 chunks of flesh


   Skills:
 + Level 4.4 Fighting
 + Level 3.6 Polearms
 + Level 2.8 Throwing
 + Level 4.1 Dodging
 + Level 1.6 Stealth
 + Level 4.6 Shields


You had 6 spell levels left.
You didn't know any spells.
Your spell library was empty.

Dungeon Overview and Level Annotations

Branches:
Dungeon (4/15)
 Temple: D:4-7

Altars:
Dithmenos
Makhleb


Innate Abilities, Weirdness & Mutations

You can walk through water.
Your dull iron-grey scales are very hard. (AC +11)
You cannot fit into any form of body armour.
You can survive without breathing.
You are cold-blooded and may be slowed by cold attacks.


Message History

You hit the ogre. You tail-slap the ogre.
The ogre is heavily wounded.
The ogre closely misses you.
You hit the ogre but do no damage.
The ogre is heavily wounded.
The orc wizard casts a spell.
The orc wizard blinks!
The ogre misses you.
You hit the ogre.
Your tail-slap misses the ogre.
The ogre is severely wounded.
You block the ogre's attack.
You puncture the orc wizard!
You kill the orc wizard!
You block the ogre's attack.
You hit the ogre.
The ogre is almost dead.
The ogre barely misses you. The ogre closely misses you.
You barely miss the ogre.
Your tail-slap misses the ogre.
The ogre is almost dead.
The ogre hits you with a +0 giant club!!
You die...

##.### ####..# .....#
##...##+#..##.#####
....##
##...(.##....'÷<...#####
....#
#$.....(#...†#........>.
.##.#
#$..8O.$##..##...#.####
###.#
#%...(.$##'##.##.#.####.
....#
#..(..##..##...........
#####
#..Z##....####.##.####
#)#@)...####.# .#
#†O##..##....# .#
#....'....####.....# .#
##..##....##.......# .#
# ##..###.......# .#
#### #.......# ..
#.......# #.......#
#.......#


You could see an ogre.

Vanquished Creatures
  2 howler monkeys (D:4)
  2 hounds
  A centaur skeleton (D:4)
  An orc wizard (D:4)
  Natasha (thrice) (D:3)
  3 worker ants (D:4)
  Robin (D:3)
  A gnoll (D:1)
  A howler monkey skeleton (D:4)
  10 adders
  2 oozes (D:2)
  A worm (D:3)
  A dart slug (D:3)
  4 leopard geckos
  7 orcs
  6 giant cockroaches
  12 hobgoblins
  4 jackals (D:4)
  3 quokkas (D:4)
  3 bats
  6 frilled lizards
  15 goblins
  9 kobolds
  5 rats
103 creatures vanquished.

Vanquished Creatures (others)
  4 toadstools (D:1)
4 creatures vanquished.

Grand Total: 107 creatures vanquished

Notes
Turn   | Place    | Note
-------+----------+-------------------------------------------
     0 | D:1      | StoneBoyers the Draconian Fighter began the quest for the
                  | Orb.
     0 | D:1      | Reached XP level 1. HP: 19/19 MP: 1/1
   159 | D:1      | Reached XP level 2. HP: 26/26 MP: 2/2
   427 | D:1      | Reached XP level 3. HP: 33/33 MP: 3/3
  1209 | D:2      | Found a shadowy altar of Dithmenos.
  1284 | D:2      | Reached XP level 4. HP: 16/40 MP: 4/4
  1654 | D:3      | Noticed Robin
  1734 | D:3      | Killed Robin
  1736 | D:3      | Found a burning altar of Makhleb.
  1747 | D:3      | Reached XP level 5. HP: 40/46 MP: 5/5
  1754 | D:3      | Noticed Natasha
  1768 | D:3      | Killed Natasha
  1800 | D:3      | Found a glowing drain.
  1842 | D:3      | Reached skill level 1 in Throwing
  1999 | D:3      | Noticed Natasha
  2029 | D:3      | Killed Natasha
  2029 | D:3      | Reached skill level 1 in Stealth
  2332 | D:3      | Noticed Natasha
  2344 | D:3      | Killed Natasha
  2344 | D:3      | Reached XP level 6. HP: 42/52 MP: 6/6
  3278 | D:4      | Your scales start taking on a dull iron-grey colour.
  3278 | D:4      | Reached XP level 7. HP: 18/60 MP: 7/7
  3278 | D:4      | Gained mutation: You can survive without breathing. [Grey
                  | Draconian growth]
  3303 | D:4      | Slain by an ogre

Skill      XL: |  1  2  3  4  5  6 |
---------------+-------------------+-----
Dodging        | 3 4 |  4.1
Fighting       | 4 |  4.4
Polearms       | 3 |  3.6
Throwing       | 1 2 |  2.8
Stealth        | 1 |  1.6
Shields        | 4 |  4.6

Action                   |  1- 3 |  4- 6 |  7- 9 || total
-------------------------+-------+-------+-------++-------
Melee: Trident           |   104 |       |       ||   104
       Tailslap          |    14 |    33 |     3 ||    50
       Spear             |    20 |   249 |    23 ||   292
Throw: Stone             |    19 |     1 |       ||    20
       Javelin           |     2 |    57 |       ||    59
  Use: Scroll            |     5 |     2 |       ||     7
       Potion            |       |     1 |     2 ||     3
  Eat: Chunk             |     1 |     4 |       ||     5
       Ration            |       |     1 |       ||     1
Armor: Skin              |    30 |    60 |     9 ||    99
Dodge: Dodged            |    58 |   104 |    11 ||   173
Block: Shield            |    58 |   117 |     7 ||   182
